 Dungeon Sprint DCSS version 0.27-a0-1281-ge233d83751 (webtiles) character file.

Game seed: 6823248835537010210

388652 mhtbhm the Slayer (level 17, 136/136 HPs)
             Began as a Gargoyle Berserker on June 13, 2021.
             Was a High Priest of Trog.
             Escaped with the Orb!
             The game lasted 00:26:39 (8797 turns).

mhtbhm the Slayer (Gargoyle Berserker)              Turns: 8797, Time: 00:26:40

Health: 136/136    AC: 52    Str: 23    XL:     17   Next: 17%
Magic:  15/15      EV: 10    Int:  9    God:    Trog [*****.]
Gold:   5564       SH: 14    Dex: 12    Spells: 16/16 levels left

rFire    + + .     SeeInvis +   l - +2 morningstar (holy)
rCold    + . .     Faith    .   q - +3 warlock's mirror {reflect}
rNeg     + + +     Spirit   .   b - +6 gold dragon scales
rPois    ∞         Reflect  +   (helmet restricted)
rElec    +         Harm     .   E - +1 cloak
rCorr    .         Rampage  .   m - +2 pair of gloves {archery}
Will     +....     NoTele   +   i - +2 pair of boots {Fly}
Stlth    ..........             t - amulet "Vytias" {Reflect Dex+3 Slay+2 SH+5}
HPRegen  0.32/turn              M - ring of Nacosk {rF+ rC- rN+++ SInv}
MPRegen  0.14/turn              v - ring of protection from cold

@: flying, hasted, studying Long Blades, very quick
A: sickness immunity, AC +12, big wings, negative energy resistance 1,
electricity resistance, torment resistance 1, petrification resistance, antennae
1, low mp 1, weak 2
0: Orb of Zot
a: Renounce Religion, Berserk, Trog's Hand, Brothers in Arms


You escaped.
You worshipped Trog.
Trog was extremely pleased with you.
You visited 1 branch You collected 9508 gold pieces.
You spent 3944 gold pieces at shops.

Inventory:

Hand Weapons
 a - a +3 great mace of flaming
 c - a +7 eveningstar of flaming
 l - a +2 morningstar of holy wrath (weapon)
 y - a +4 dire flail of holy wrath
Missiles
 n - 6 boomerangs
 o - 8 silver javelins (quivered)
 I - 4 curare-tipped darts
Armour
 b - +6 gold dragon scales (worn)
 d - a +1 helmet of see invisible
 i - a +2 pair of boots of flying (worn)
 m - a +2 pair of gloves of archery (worn)
 q - the +3 warlock's mirror (worn) {reflect}
   (You bought it in a shop in the Dungeon)
 u - the +27 Lear's hauberk
   (You acquired it in the Dungeon)
 E - a +1 cloak (worn)
Jewellery
 j - a +6 ring of dexterity
 t - the amulet "Vytias" (around neck) {Reflect Dex+3 Slay+2 SH+5}
   (You acquired it in the Dungeon)

   [amulet of reflection]

   It reflects blocked missile attacks.
   It affects your dexterity (+3).
   It affects your accuracy and damage with ranged weapons and melee attacks
   (+2).
   It affects your SH (+5).
 v - a ring of protection from cold (right hand)
 w - a +6 ring of strength
 L - the ring "Aqiudat" {Ice rElec rPois Int-4 SInv}
   (You found it in the Dungeon)

   [ring of ice]

   It enhances your ice magic.
   It affects your intelligence (-4).
   It makes you vulnerable to fire.
   It protects you from cold.
   It insulates you from electricity.
   It protects you from poison.
   It lets you see invisible.
 M - the ring of Nacosk (left hand) {rF+ rC- rN+++ SInv}
   (You bought it in a shop in the Dungeon)

   [ring of protection from fire]

   It protects you from fire.
   It makes you vulnerable to cold.
   It renders you almost immune to negative energy.
   It lets you see invisible.
Scrolls
 p - a scroll of fog
 r - a scroll of immolation
 G - a scroll of vulnerability {unknown}
 H - a scroll of summoning
 J - a scroll of silence {unknown}
Potions
 e - 4 potions of haste
 f - 15 potions of magic
 g - 2 potions of berserk rage
 k - 2 potions of might
 s - 3 potions of resistance
 x - a potion of attraction
 D - a potion of ambrosia {unknown}
 K - 30 potions of mutation {unknown}
Miscellaneous
 z - a tin of tremorstones (2/2)
 A - a box of beasts


   Skills:
 + Level 25.9 Fighting
 + Level 0.4(0.6) Short Blades
 + Level 0.4(0.6) Long Blades
 + Level 0.4(16.3) Axes
 + Level 25.5 Maces & Flails
 + Level 0.4(0.7) Polearms
 + Level 0.5(17.6) Staves
 + Level 0.4(4.0) Slings
 + Level 0.8 Bows
 + Level 0.5 Crossbows
 + Level 6.5 Throwing
 + Level 20.4 Armour
 + Level 12.7 Dodging
 - Level 4.7 Stealth
 - Level 7.9 Shields
 + Level 2.5 Unarmed Combat
 + Level 0.6 Invocations
 + Level 4.7 Evocations


You had 16 spell levels left.
You didn't know any spells.
Your spell library was empty.

Dungeon Overview and Level Annotations

Branches:
Dungeon (1/1)

Altars:
Cheibriados
Dithmenos
Elyvilon
Fedhas
Gozag
Hepliaklqana
Kikubaaqudgha
Makhleb
Nemelex Xobeh
Okawaru
Qazlal
Ru
Sif Muna
Trog
Uskayaw
Vehumet
Wu Jian
Xom
Yredelemnul
Zin
The Shining One
Beogh
Jiyva
Lugonu

Shops:
D :[:[===[*[:[(=((?!*=(=!:(!!!?[:*::*(


Innate Abilities, Weirdness & Mutations

You are immune to sickness and miasma.
Your stone body is resilient. (AC +12)
You are immune to poison.
Your large and strong wings let you fly.
You resist negative energy. (rN+)
You are resistant to electric shocks. (rElec)
You are resistant to unholy torment.
You are immune to petrification.
You have a pair of small antennae on your head.
Your magical capacity is low. (-10% MP)
You are very weak. (Str -4)


Message History

Trog appreciates your killing of a magic user.
The death scarab disappears in a puff of smoke! x3
The emperor scorpion disappears in a puff of smoke! x3
You feel extremely nervous for a moment...
Pain shoots through your body!
Unknown command.
You start resting.
Your skin stops crawling.
You feel less strong-willed.
You start resting.
You start resting.
You start resting.
You start resting.
You start resting.
HP restored.
A spear shoots out and hits you!
There is a spear trap here.
You see here the +8 great sword of Vuttauh {flame, Fly}.
There is an open door here.
There is an open door here.
You reach down and open the door.
There is an open door here.
There is an open door here.
You start resting.
HP restored.
You see here the Orb of Zot.
You pick up the Orb of Zot!
The Orb lets out a hideous shriek!
The lords of Pandemonium are not amused.
Beware!
Now all you have to do is get back out of the dungeon!
There's something in the way.
Unknown command.
You feel yourself speed up.
Unknown command.
There is an open door here.
There is an open door here.
There is an open door here.
Items here: """ ====.
There is an open door here.
There is an open door here.
There is an open door here.
There is a staircase leading out of the dungeon here.
You have escaped!

##########≈≈#+++#°○'#####....#.##
#########≈≈≈......○..#.÷'..^.#..#
.....∩..#≈≈≈≈.##'##..#.÷####.#..#
....∩.∩.#≈≈≈≈##°#°##.####..'.##.#
...∩.∩..#≈≈≈≈#..#..#..).#..#.^.##
..∩.∩...#≈≈.####.#*###..#####.)##
.⌠.∩....#≈...###'###.##..#[.'..#.
..∩.∩...#≈....##.##...#..#(.#..#†
...∩.∩..'≈'.##'.@.'.##'.)####.^##
....∩.∩.#≈....##.##...#....###...
▓▓▓▓▓▓###≈...###'###.##......≈≈≈≈
...######≈≈...#.#.####§≈...§.≈#'.
[[.#).'^##≈≈≈#......≈≈≈≈≈≈≈§.§#..
∩.)'..#'##'#≈##.....≈≈≈≈)≈≈≈.§#..
[..#(##§##[#≈≈##+.#≈≈≈§≈≈≈§≈≈≈#..
(..###§≈≈####○○≈°≈≈§≈°§§≈≈§§≈≈#..
#÷###§≈§≈≈#,#'''#'°°#°○≈≈≈≈§≈≈#._


There were no monsters in sight!

Vanquished Creatures
  Gloorx Vloq (D)
  A royal mummy (D)
  the Lernaean hydra (D)
  2 golden dragons (D)
  A bone dragon (D)
  An electric golem (D)
  A hellephant (D)
  A deep elf master archer (D)
  Murray (D)
  3 quicksilver dragons (D)
  A deep elf blademaster (D)
  A kraken (D)
  2 sphinxes (D)
  Gastronok (D)
  2 storm dragons (D)
  A frost giant (D)
  A cacodemon (D)
  A draconian knight (D)
  A draconian shifter (D)
  Nessos (D)
  3 lorocyprocas (D)
  A dire elephant (D)
  A crystal guardian (D)
  A deep elf high priest (D)
  A fire dragon (D)
  A yaktaur captain (D)
  A great orb of eyes (D)
  2 boulder beetles (D)
  An ice dragon (D)
  A centaur warrior (D)
  An iron elemental (D)
  A death yak (D)
  2 hell hogs (D)
  Sonja (D)
  2 death drakes (D)
  A skeletal warrior (D)
  3 sixfirhies (D)
  2 deep trolls (D)
  An obsidian statue (D)
  A glowing orange brain (D)
  3 orc sorcerers (D)
  7 shining eyes (D)
  An oklob plant (D)
  A manticore (D)
  3 toenail golems (D)
  An ice statue (D)
  2 cane toads (D)
  An eye of devastation (D)
  2 unseen horrors (D)
  A yaktaur (D)
  5 polar bears (D)
  A blink frog (D)
  A hornet (D)
  16 flying skulls (D)
  7 wyverns (D)
  2 redbacks (D)
  3 yaks (D)
  A golden eye (D)
  Menkaure (D)
  3 water moccasins (D)
  2 floating eyes (D)
  2 swamp drakes (D)
  3 black bears (D)
  5 necrophages (D)
  2 earth elementals (D)
  4 scorpions (D)
  9 electric eels (D)
  4 lava snakes (D)
  An iron imp (D)
  4 orc priests (D)
  A jelly (D)
  A spectral adder (D)
  A spectral quokka (D)
  3 tentacles (D)
157 creatures vanquished.

Vanquished Creatures (collateral kills)
  A curse toe (D)
  Kirke (D)
  A vampire knight (D)
  An iron golem (D)
  A harpy (D)
  8 shining eyes (D)
  An elephant (D)
  2 flying skulls (D)
  8 floating eyes (D)
24 creatures vanquished.

Vanquished Creatures (others)
  2 manticores (D)
  A kobold demonologist (D)
  A water moccasin (D)
  2 ballistomycete spores (D)
  10 tentacles (D)
16 creatures vanquished.

Grand Total: 197 creatures vanquished

Notes
Turn   | Place    | Note
-------+----------+-------------------------------------------
     0 | D        | mhtbhm the Gargoyle Berserker began the quest for the Orb.
     0 | D        | Reached XP level 1. HP: 14/14 MP: 1/1
     1 | D        | Noticed a boulder beetle
     1 | D        | Noticed a boulder beetle
     5 | D        | Noticed a scorpion
     5 | D        | Noticed a scorpion
    12 | D        | Killed a scorpion
    13 | D        | Reached skill level 5 in Maces & Flails
    13 | D        | Reached XP level 2. HP: 22/22 MP: 2/2
    13 | D        | Reached XP level 3. HP: 27/27 MP: 3/3
    16 | D        | Killed a scorpion
    17 | D        | Reached XP level 4. HP: 34/34 MP: 4/4
   144 | D        | Noticed a scorpion
   144 | D        | Noticed a scorpion
   153 | D        | Killed a scorpion
   153 | D        | Reached ** piety under Trog
   154 | D        | Reached XP level 5. HP: 13/39 MP: 5/5
   160 | D        | Reached XP level 6. HP: 19/45 MP: 6/6
   364 | D        | Noticed a wyvern
   364 | D        | Noticed a wyvern
   370 | D        | Killed a wyvern
   371 | D        | Reached skill level 5 in Armour
   374 | D        | Killed a wyvern
   375 | D        | Reached skill level 10 in Fighting
   375 | D        | Reached skill level 10 in Maces & Flails
   375 | D        | Reached XP level 7. HP: 47/53 MP: 7/7
   501 | D        | Reached *** piety under Trog
   516 | D        | Reached **** piety under Trog
   517 | D        | Reached XP level 8. HP: 60/60 MP: 8/8
   879 | D        | Found Kusail's Antique Weapon Shoppe.
   879 | D        | Found Suenitut's Distillery.
   879 | D        | Found Ocamof's Magic Scroll Shoppe.
   879 | D        | Found Haoqutz's Jewellery Emporium.
   879 | D        | Found Hyis's Distillery.
   880 | D        | Found Efenerhoregh's Antique Armour Emporium.
   880 | D        | Found Qoettag's Distillery.
   880 | D        | Found Porphapt's Jewellery Emporium.
   880 | D        | Found Elastra's Weapon Shoppe.
   880 | D        | Found Woxoup's Jewellery Emporium.
   881 | D        | Found Onile's Distillery.
   881 | D        | Found Hiyffave's Antique Weapon Emporium.
   881 | D        | Found Awnul's Book Shoppe.
   881 | D        | Found Ruejuox's Antique Armour Emporium.
   885 | D        | Noticed a blink frog
   914 | D        | Killed a blink frog
   915 | D        | Reached skill level 5 in Dodging
  1063 | D        | Noticed an iron elemental
  1064 | D        | Noticed Menkaure
  1064 | D        | Noticed an oklob plant
  1065 | D        | Found Poocs's Book Shoppe.
  1066 | D        | Noticed a wyvern
  1066 | D        | Noticed a wyvern
  1066 | D        | Noticed a wyvern
  1077 | D        | Killed Menkaure
  1153 | D        | Bought a runed scale mail for 231 gold pieces
  1166 | D        | Bought a scroll of blinking for 90 gold pieces
  1179 | D        | Bought a glowing morningstar for 182 gold pieces
  1186 | D        | Bought a glowing helmet for 157 gold pieces
  1186 | D        | Bought a pair of runed boots for 157 gold pieces
  1218 | D        | Killed a boulder beetle
  1219 | D        | Reached XP level 9. HP: 67/67 MP: 9/9
  1223 | D        | Killed a boulder beetle
  1380 | D        | Found a blossoming altar of Fedhas.
  1381 | D        | Found a white marble altar of Elyvilon.
  1381 | D        | Found an opulent altar of Gozag.
  1381 | D        | Found a burning altar of Makhleb.
  1382 | D        | Found a shadowy altar of Dithmenos.
  1382 | D        | Found a corrupted altar of Lugonu.
  1383 | D        | Found a snail-covered altar of Cheibriados.
  1383 | D        | Found an ancient bone altar of Kikubaaqudgha.
  1383 | D        | Found a bloodstained altar of Trog.
  1384 | D        | Found a viscous altar of Jiyva.
  1384 | D        | Found a shimmering blue altar of Sif Muna.
  1385 | D        | Found a hazy altar of Hepliaklqana.
  1385 | D        | Found a sacrificial altar of Ru.
  1386 | D        | Found a stormy altar of Qazlal.
  1386 | D        | Found an ornate altar of the Wu Jian Council.
  1386 | D        | Found a shimmering altar of Xom.
  1386 | D        | Noticed a polar bear
  1386 | D        | Noticed a polar bear
  1387 | D        | Noticed a yaktaur
  1387 | D        | Noticed a hornet
  1391 | D        | Killed a polar bear
  1391 | D        | Reached ***** piety under Trog
  1394 | D        | Killed a polar bear
  1395 | D        | Reached skill level 15 in Maces & Flails
  1395 | D        | Noticed a polar bear
  1400 | D        | Killed a polar bear
  1404 | D        | Killed a hornet
  1405 | D        | Reached XP level 10. HP: 57/75 MP: 10/10
  1409 | D        | Received a gift from Trog
  1570 | D        | Noticed a kraken
  1832 | D        | HP: 5/112 [tentacle[a kraken] (7)]
  1834 | D        | Killed a kraken
  1835 | D        | Reached skill level 1 in Throwing
  1835 | D        | Reached skill level 1 in Stealth
  2157 | D        | Found a glowing golden altar of the Shining One.
  2157 | D        | Found a basalt altar of Yredelemnul.
  2157 | D        | Found a hide-covered altar of Uskayaw.
  2159 | D        | Found a glowing silver altar of Zin.
  2159 | D        | Found a radiant altar of Vehumet.
  2178 | D        | Noticed a deep troll
  2178 | D        | Noticed a deep troll
  2183 | D        | Killed a deep troll
  2184 | D        | Reached skill level 15 in Fighting
  2186 | D        | Killed a deep troll
  2187 | D        | Reached XP level 11. HP: 81/81 MP: 11/11
  2258 | D        | Noticed a sphinx
  2258 | D        | Noticed a sphinx
  2270 | D        | Paralysed by a sphinx for 5 turns
  2278 | D        | Killed a sphinx
  2278 | D        | Received a gift from Trog
  2279 | D        | Reached skill level 10 in Armour
  2280 | D        | Killed a sphinx
  2583 | D        | Found a sparkling altar of Nemelex Xobeh.
  2584 | D        | Found an iron altar of Okawaru.
  2596 | D        | Noticed a sixfirhy
  2841 | D        | Noticed a sixfirhy
  2848 | D        | Noticed a sixfirhy
  2851 | D        | Reached ****** piety under Trog
  2883 | D        | Found Faladed's Book Shoppe.
  2884 | D        | Found Yriorr's Assorted Antiques.
  2908 | D        | Bought 3 scrolls of identify for 126 gold pieces
  2940 | D        | Killed a sixfirhy
  2953 | D        | Killed a sixfirhy
  2953 | D        | Received a gift from Trog
  2957 | D        | Killed a sixfirhy
  3079 | D        | Noticed Gastronok
  3086 | D        | Killed Gastronok
  3087 | D        | Reached XP level 12. HP: 90/90 MP: 12/12
  3139 | D        | Noticed a dire elephant
  3144 | D        | Killed a dire elephant
  3156 | D        | Received a gift from Trog
  3163 | D        | Identified the +7 quarterstaff "Soogiah" {vorpal, rF+ rN+}
  3229 | D        | Identified the ring "Letz" {Fly rF+ Stlth+}
  3242 | D        | Identified the +6 war axe of Overwhelming Force {vorpal,
                  | rC- Str+7}
  3252 | D        | Identified the +3 rapier of Deflation {vamp, rPois Stlth+}
  3287 | D        | Found Pumeblia's Magic Scroll Emporium.
  3290 | D        | Found Lingurch's Antique Armour Shop.
  3291 | D        | Noticed Nessos
  3298 | D        | Killed Nessos
  3308 | D        | Bought a scroll of holy word for 105 gold pieces
  3308 | D        | Bought a scroll of identify for 28 gold pieces
  3308 | D        | Bought a scroll of identify for 28 gold pieces
  3309 | D        | Identified a scroll of acquirement
  3310 | D        | Reached XP level 13. HP: 94/96 MP: 13/13
  3312 | D        | Acquired 889 gold pieces
  3317 | D        | Bought a scroll of blinking for 105 gold pieces
  3317 | D        | Bought 2 scrolls of blinking for 210 gold pieces
  3317 | D        | Bought a scroll of enchant armour for 105 gold pieces
  3317 | D        | Bought a scroll of enchant armour for 105 gold pieces
  3320 | D        | Bought a pair of glowing gloves for 165 gold pieces
  3325 | D        | Bought the +3 warlock's mirror {reflect} for 880 gold
                  | pieces
  3325 | D        | Found the +3 warlock's mirror {reflect}
  3489 | D        | Noticed a deep elf blademaster
  3512 | D        | Killed a deep elf blademaster
  3513 | D        | Reached skill level 10 in Dodging
  3513 | D        | Reached skill level 1 in Shields
  3952 | D        | Noticed a hellephant
  3973 | D        | Noticed a black draconian shifter
  3973 | D        | Noticed Sonja
  4037 | D        | Killed Sonja
  4305 | D        | Killed a black draconian shifter
  4359 | D        | Killed a hellephant
  4359 | D        | Received a gift from Trog
  4679 | D        | Noticed a crystal guardian
  4695 | D        | Reached skill level 1 in Evocations
  4697 | D        | Noticed an electric golem
  4698 | D        | Killed a crystal guardian
  4699 | D        | Reached skill level 15 in Armour
  4699 | D        | Reached skill level 5 in Shields
  4715 | D        | Received a gift from Trog
  4723 | D        | Killed an electric golem
  4724 | D        | Gained mutation: Your large and strong wings let you fly.
                  | [Gargoyle growth]
  4724 | D        | Reached XP level 14. HP: 47/104 MP: 14/14
  5007 | D        | Paralysed by a great orb of eyes for 4 turns
  5147 | D        | Noticed a deep elf master archer
  5157 | D        | Reached skill level 5 in Throwing
  5242 | D        | Killed a deep elf master archer
  5424 | D        | Received a gift from Trog
  5428 | D        | Gained mutation: You are weak. (Str -2) [a shining eye]
  5544 | D        | Identified the amulet "Weunn" {Faith rN+ Dex+4}
  5546 | D        | Identified the Collected Works on the Shifting Snowflakes
  5550 | D        | Identified the Reference Book on the Unstable Arsonist
  5551 | D        | Identified the +7 war axe of the Wizarding Genius {vorpal,
                  | rElec}
  5621 | D        | Noticed Kirke
  5622 | D        | Noticed a bone dragon
  5622 | D        | Noticed a cacodemon
  5622 | D        | Noticed a golden dragon
  5626 | D        | Noticed a storm dragon
  5627 | D        | Noticed a frost giant
  5637 | D        | Killed a golden dragon
  5639 | D        | Received a gift from Trog
  5650 | D        | Acquired 613 gold pieces
  5656 | D        | Killed Kirke
  5657 | D        | Reached skill level 1 in Unarmed Combat
  5718 | D        | Killed a bone dragon
  5722 | D        | HP: 8/162 [frost giant (18)]
  5725 | D        | Killed a frost giant
  5725 | D        | Received a gift from Trog
  5733 | D        | Killed a storm dragon
  5735 | D        | Killed a cacodemon
  6029 | D        | Received a gift from Trog
  6163 | D        | Reached XP level 15. HP: 115/115 MP: 15/15
  6223 | D        | Noticed a storm dragon
  6231 | D        | Killed a storm dragon
  6237 | D        | Reached XP level 16. HP: 105/122 MP: 16/16
  6241 | D        | Found Topaagh's Weapon Boutique.
  6241 | D        | Found Tihoxolo's Assorted Antiques.
  6241 | D        | Found Rurphadi's Book Shop.
  6241 | D        | Found Pigrixam's Book Boutique.
  6241 | D        | Noticed a golden dragon
  6255 | D        | Killed a golden dragon
  6255 | D        | Received a gift from Trog
  6383 | D        | Bought a potion of heal wounds for 125 gold pieces
  6383 | D        | Bought a scroll of enchant armour for 187 gold pieces
  6389 | D        | Bought a +1 morningstar of holy wrath for 156 gold pieces
  6467 | D        | Received a gift from Trog
  6530 | D        | Found Fixuff's Book Emporium.
  6530 | D        | Found Furuawkapp's Jewellery Shop.
  6530 | D        | Found Inituum's Armour Shop.
  6530 | D        | Found Awajyf's Jewellery Shoppe.
  6530 | D        | Found Seutoli's General Store.
  6531 | D        | Found Efim's Antique Armour Shoppe.
  6531 | D        | Found Wiuvug's Armour Boutique.
  6531 | D        | Found Emavyegargh's Distillery.
  6531 | D        | Found Dukh's Book Shop.
  6531 | D        | Found Ymas's Weapon Emporium.
  6531 | D        | Found Synimova's Assorted Antiques.
  6531 | D        | Found Unwinn's Antique Weapon Shoppe.
  6548 | D        | Bought a scroll of identify for 24 gold pieces
  6548 | D        | Bought a scroll of identify for 24 gold pieces
  6552 | D        | Acquired 1025 gold pieces
  6556 | D        | Acquired the amulet "Vytias" {Reflect Dex+3 Slay+2 SH+5}
  6577 | D        | Bought a scroll of identify for 52 gold pieces
  6769 | D        | Noticed the 27-headed Lernaean hydra
  6779 | D        | Received a gift from Trog
  6832 | D        | Identified the +1 robe "Vuz Kamm" {+Inv rPois Will++ Str-4}
  7100 | D        | Received a gift from Trog
  7223 | D        | Killed the 27-headed Lernaean hydra
  7304 | D        | Found Rez Cur's Jewellery Shoppe.
  7306 | D        | Identified the +9 spear "Unusof" {flame, rF- Dex+3 SInv}
  7330 | D        | Identified the ring "Aqiudat" {Ice rElec rPois Int-4 SInv}
  7354 | D        | Bought the ring of Nacosk {rF+ rC- rN+++ SInv} for 702 gold
                  | pieces
  7515 | D        | Paralysed by a floating eye for 4 turns
  7518 | D        | Received a gift from Trog
  7522 | D        | Paralysed by a floating eye for 3 turns
  7522 | D        | Gained mutation: You are very weak. (Str -4) [a shining
                  | eye]
  7530 | D        | Gained mutation: Your magical capacity is low. (-10% MP) [a
                  | shining eye]
  7531 | D        | Paralysed by a floating eye for 2 turns
  7533 | D        | Gained mutation: You have a pair of small antennae on your
                  | head. [a shining eye]
  7534 | D        | Identified the +5 rapier "Xerots" {vorpal, rElec rF+ Dex+2
                  | Stlth-} (Trog gifted it to you in the Dungeon)
  7534 | D        | Received a gift from Trog
  7541 | D        | Paralysed by a floating eye for 4 turns
  7543 | D        | Received a gift from Trog
  7598 | D        | Identified the +0 scale mail of the Distant Future {rElec
                  | rC- rCorr Dex+2}
  7642 | D        | Noticed a quicksilver dragon
  7645 | D        | Noticed a quicksilver dragon
  7650 | D        | Killed a quicksilver dragon
  7660 | D        | Killed a quicksilver dragon
  7975 | D        | Noticed a quicksilver dragon
  7978 | D        | Killed a quicksilver dragon
  7978 | D        | Identified the +8 great sword of Vuttauh {flame, Fly} (Trog
                  | gifted it to you in the Dungeon)
  7978 | D        | Received a gift from Trog
  7987 | D        | Acquired 898 gold pieces
  7991 | D        | Acquired the +27 Lear's hauberk
  7992 | D        | Found the +27 Lear's hauberk
  8202 | D        | Noticed Murray
  8220 | D        | Killed Murray
  8332 | D        | Noticed a curse toe
  8332 | D        | Noticed a royal mummy
  8332 | D        | Noticed Gloorx Vloq
  8333 | D        | Noticed an Executioner
  8333 | D        | Noticed an Executioner
  8333 | D        | Noticed an Executioner
  8334 | D        | Noticed an Executioner
  8361 | D        | Noticed an Executioner
  8363 | D        | Noticed an Executioner
  8367 | D        | Noticed an Executioner
  8367 | D        | Noticed an Executioner
  8374 | D        | Noticed an Executioner
  8378 | D        | Killed Gloorx Vloq
  8379 | D        | Reached XP level 17. HP: 69/135 MP: 15/15
  8385 | D        | Received a gift from Trog
  8408 | D        | Killed a curse toe
  8431 | D        | Killed a royal mummy
  8755 | D        | Got the Orb of Zot
  8797 | D        | Escaped with the Orb!

Illustrated notes

Levels and vault maps discovered:
D:        the_violet_keep_of_menkaure [sprint2_stairs_cluster_1,
          sprint2_shoproom, sprint2_temple, sprint2_basic_supplies,
          sprint2_obstacle_5, sprint2_obstacle_7, sprint2_obstacle_1,
          sprint2_obstacle_3, sprint2_obstacle_2, sprint2_timed_cluster_1,
          sprint2_smallroom_cluster_1, sprint2_smallroom_final_cluster_1,
          sprint2_transparent_cluster_1, sprint2_second_timed_cluster_1,
          sprint2_sniper_area_1, sprint2_heavy_combat_area_1,
          sprint2_mutation_trap_area_1, sprint2_forest_area_1,
          sprint2_light_combat_area_1, sprint2_behind_water_1,
          sprint2_near_end_vault_1]

Skill      XL: |  1  2  3  4  5  6  7  8  9 10 11 12 13 14 15 16 17 |
---------------+----------------------------------------------------+-----
Fighting       | 6 7 8 10 11 12 14 15 16 17 18 21 25 | 25.9
Maces & Flails | 5 6 7 8 10 11 13 15 17 18 19 20 22 25 | 25.5
Armour         | 3 4 5 6 7 9 12 13 15 16 19 20 | 20.4
Dodging        | 2 3 4 5 6 7 9 10 11 12 | 12.7
Throwing       | 1 2 4 6 |  6.5
Stealth        | 1 2 3 4 |  4.7
Shields        | 5 7 |  7.9
Evocations     | 1 3 4 |  4.7
Unarmed Combat | 2 |  2.5
Short Blades   | |  0.4
Long Blades    | |  0.4
Axes           | |  0.4
Polearms       | |  0.4
Staves         | |  0.5
Slings         | |  0.4
Bows           | |  0.8
Crossbows      | |  0.5
Invocations    | |  0.6

Action                   |  1- 3 |  4- 6 |  7- 9 | 10-12 | 13-15 | 16-18 || total
-------------------------+-------+-------+-------+-------+-------+-------++-------
Melee: Mace              |    10 |    21 |    54 |       |       |       ||    85
       Morningstar       |       |       |    27 |    52 |   275 |   210 ||   564
       Great mace        |       |       |       |    63 |       |       ||    63
       Unarmed           |       |       |       |       |     1 |       ||     1
       Eveningstar       |       |       |       |       |       |    25 ||    25
Throw: Boomerang         |       |       |       |     3 |    10 |       ||    13
       Javelin           |       |       |       |       |     4 |       ||     4
Invok: Berserk           |     1 |     2 |     6 |     8 |    10 |     6 ||    33
       Brothers in Arms  |       |       |       |       |    11 |     5 ||    16
       Trog's Hand       |       |       |       |       |     3 |     2 ||     5
Evoke: Tin of tremorston |       |       |       |       |     7 |     2 ||     9
  Use: Potion            |       |       |     1 |     2 |     4 |     3 ||    10
       Scroll            |       |       |       |    10 |     7 |    16 ||    33
 Stab: Distracted        |       |       |       |       |       |     2 ||     2
Armor: Animal skin       |     1 |     2 |     7 |       |       |       ||    10
       Scale mail        |       |       |    12 |    66 |   127 |     7 ||   212
       Gold dragon scale |       |       |       |       |       |   252 ||   252
Dodge: Dodged            |     5 |     9 |    27 |    64 |   141 |    92 ||   338
Block: Buckler           |       |       |       |       |   102 |   176 ||   278
       Reflection        |       |       |       |       |    13 |    12 ||    25

Table legend: (Time is in decaauts)
 A = Elapsed time spent in this place.
 B = Non-inter-level travel time spent in this place.
 C = Inter-level travel time spent in this place.
 D = Time resting spent in this place.
 E = Time spent auto-exploring this place.
 F = Levels seen in this place.
 G = Mean time per level.
                   A        B        C        D        E       F      G
               +--------+--------+--------+--------+--------+-----+--------+
         Total |   8839 |   8839 |      0 |   6060 |      0 |   1 | 8839.0 |
       Dungeon |   8839 |   8839 |      0 |   6060 |      0 |   1 | 8839.0 |
               +--------+--------+--------+--------+--------+-----+--------+

Top non-repeatable levels by time:
       D: 8839 daAuts
